 Dungeon Crawl Stone Soup version 0.21.0-3-g78d12a8 (webtiles) character file.

44 inmateoo the Chucker (level 3, -1/35 HPs)
             Began as a Troll Hunter on Jan 9, 2018.
             Slain by an iguana (8 damage)
             ... on level 2 of the Dungeon.
             The game lasted 00:02:09 (825 turns).

inmateoo the Chucker (Troll Hunter)                  Turns: 825, Time: 00:02:10

Health: -1/35      AC:  5    Str: 20    XL:     3   Next: 39%
Magic:  2/2        EV: 10    Int:  7    God:
Gold:   65         SH:  0    Dex: 11    Spells: 2/2 levels left

rFire    . . .     SeeInvis .     - Unarmed
rCold    . . .     Gourm    +   (no shield)
rNeg     . . .     Faith    .   b - +0 robe
rPois    .         Spirit   .   (helmet restricted)
rElec    .         Reflect  .   (no cloak)
rCorr    .         Harm     .   (gloves unavailable)
MR       .....                  (boots unavailable)
Stlth    +.........             (no amulet)
HPRegen  0.51/turn              (no ring)
MPRegen  0.08/turn              (no ring)

@: no status effects
A: large, unfitting armour, claws 3, fast metabolism 3, gourmand, regeneration
1, shaggy fur 1, tough skin 2
a: no special abilities


You were on level 2 of the Dungeon.
You were completely stuffed.

You visited 1 branch of the dungeon, and saw 2 of its levels.

You collected 65 gold pieces.

Inventory:

Hand Weapons
 a - a +0 short sword
Missiles
 c - 5 large rocks
 d - a throwing net (quivered)
 l - 8 tomahawks
Armour
 b - a +0 robe (worn)
Scrolls
 e - 3 scrolls of identify {unknown}
 h - a scroll of enchant armour {unknown}
 j - a scroll of fog {unknown}
 m - a scroll of noise {unknown}
 p - 2 scrolls of remove curse {unknown}
 q - a scroll of enchant weapon {unknown}
 t - a scroll of teleportation {unknown}
Potions
 g - a potion of degeneration {unknown}
 i - 2 potions of berserk rage {unknown}
 k - a potion of agility {unknown}
 n - a potion of might {unknown}
 o - a potion of curing {unknown}
 s - a potion of invisibility {unknown}
 u - a potion of brilliance {unknown}
Comestibles
 f - 6 rations


   Skills:
 + Level 1.9 Fighting
 + Level 3.8 Throwing
 + Level 1.9 Dodging
 - Level 0.3 Stealth
 * Level 1.7 Unarmed Combat
 + Level 0.3 Spellcasting


You had 2 spell levels left.
You didn't know any spells.

Dungeon Overview and Level Annotations

Branches:
Dungeon (2/15)

Altars:


Innate Abilities, Weirdness & Mutations

You are too large for most types of armour.
You have claws for hands.
Your metabolism is lightning-fast.
You like to eat raw meat.
Your natural rate of healing is unusually fast.
You are covered in fur. (AC +1)
You have very tough skin. (AC +2)


Message History

The iguana is severely wounded.
The iguana bites you!
You are too injured to fight recklessly!
You are too injured to fight recklessly!
You barely miss the iguana.
The iguana is severely wounded.
The iguana bites you!
* * * LOW HITPOINT WARNING * * *
You scratch the iguana but do no damage.
The iguana is severely wounded.
The iguana barely misses you.
Quiver which item? (- for none, * to show all) (? for menu, Esc to quit)
Quivering
d - 2 throwing nets for throwing.
Throwing (i - inventory. (,) - cycle):
d - 2 throwing nets (quivered)
Press: ? - help, Shift-Dir - straight line, f - iguana
Aim: an iguana (severely wounded)
You throw a throwing net.
The throwing net barely misses the iguana.
The iguana bites you!
You die...

#.... .#####...# ##
.........# ##.# .#
######.## .
##..)###.##########.#
#.#....(##.##..[......#
##.......#.##.#########
#......l...##.#
#.....@.#.##.# ..#
#.#.....##.##.### ...
##............## .##
##.####.......## ..##
## ##.##.....## ###
...# #...†...(..###..
....##.#
#.#............#
#......
#..........##### ...<..
##........##


You could see an iguana.

Vanquished Creatures
  A gnoll (D:1)
  2 dart slugs
  4 leopard geckos (D:1)
  2 bats
  2 hobgoblins
  2 jackals (D:1)
  4 kobolds (D:1)
  3 frilled lizards
  3 goblins (D:1)
  3 rats (D:1)
26 creatures vanquished.

Notes
Turn   | Place    | Note
-------+----------+-------------------------------------------
     0 | D:1      | inmateoo the Troll Hunter began the quest for the Orb.
     0 | D:1      | Reached XP level 1. HP: 19/19 MP: 0/0
    97 | D:1      | Reached XP level 2. HP: 26/28 MP: 1/1
   101 | D:1      | Reached skill level 1 in Unarmed Combat
   249 | D:1      | Reached XP level 3. HP: 23/35 MP: 2/2
   825 | D:2      | Slain by an iguana

Skill      XL: |  1  2 |
---------------+-------+-----
Unarmed Combat | 1 |  1.7
Fighting       | |  1.9
Throwing       | |  3.8
Dodging        | |  1.9
Stealth        | |  0.3
Spellcasting   | |  0.3

Action                   || total
-------------------------++-------
Melee: Unarmed           ||    85
Throw: Throwing net      ||     1
 Stab: Sleeping          ||     2
  Eat: Chunk             ||    13
Armor: Robe              ||    19
Dodge: Dodged            ||    47
